Map: 2000 Atmospheres LE

Players

SKillous - Winner!

  • Race: Protoss Protoss

Spirit (souL)

  • Race: Terran Terran

Event: DreamHack SC2 Masters 2021 Winter

VOD

Have the link to the VOD?

Description

Time

  • Played on: Oct. 13, 2021, 12:27 p.m.
  • Length: 8:53

All games in this series

Show
View Real Time Build Order
Export as new Build Order

SKillous Protoss - Winner!

Build Orders: 1 Gate Expand, Phoenix Opening, Zealot Archon 

Get SALT Encoding   

  12  0:00  Probe  
  13  0:12  Probe  
  14  0:17  Pylon  
  14  0:24  Probe (Chrono Boost)  
  15  0:35  Gateway  
  15  0:39  Probe (Chrono Boost)  
  16  0:45  Probe (Chrono Boost)  
  16  0:48  Assimilator  
  17  0:53  Probe  
  18  1:05  Probe  
  19  1:17  Probe  
  20  1:22  Cybernetics Core  
  20  1:34  Nexus  
  20  1:41  Pylon  
  20  1:43  Probe  
  21  1:50  Assimilator  
  21  1:55  Probe  
  21  1:56  Adept (Chrono Boost)  
  24  2:07  Probe  
  25  2:19  Adept, Probe (Chrono Boost)  
  28  2:25  Stargate  
  28  2:29  Probe (Chrono Boost)  
  29  2:34  Probe (Chrono Boost), Warp Gate  
  30  2:45  Probe  
  30  2:49  Adept  
  33  2:54  Probe (Chrono Boost)  
  35  3:03  Probe (Chrono Boost)  
  36  3:06  Probe (Chrono Boost)  
  36  3:11  Phoenix (Chrono Boost)  
  36  3:12  Probe (Chrono Boost)  
  39  3:15  Probe  
  40  3:22  Probe  
  40  3:24  Pylon  
  39  3:27  Probe  
  39  3:29  Phoenix (Chrono Boost)  
  43  3:34  Probe  
  43  3:40  Probe  
  44  3:46  Probe  
  45  3:51  Nexus, Pylon  
  45  3:55  Phoenix (Chrono Boost)  
  45  3:57  Probe  
  45  4:00  Probe  
  48  4:08  Twilight Council  
  48  4:09  Probe  
  49  4:13  Probe  
  49  4:14  Assimilator  
  49  4:16  Phoenix (Chrono Boost)  
  52  4:21  Probe  
  53  4:25  Probe  
  53  4:26  Pylon  
  54  4:31  Gateway  
  54  4:33  Gateway  
  54  4:38  Gateway  
  54  4:40  Probe  
  54  4:41  Probe  
  54  4:43  Charge (Chrono Boost)  
  56  4:51  Phoenix  
  56  4:52  Probe (Chrono Boost)  
  59  4:55  Probe (Chrono Boost)  
  59  4:58  Shield Battery  
  60  5:02  Probe (Chrono Boost)  
  63  5:10  Probe (Chrono Boost)  
  63  5:12  Probe x2 (Chrono Boost)  
  64  5:16  Phoenix  
  64  5:17  Probe (Chrono Boost)  
  64  5:18  Probe, Forge  
  64  5:19  Sentry  
  70  5:21  Probe  
  71  5:32  Probe  
  72  5:38  Gateway  
  72  5:39  Gateway  
  72  5:40  Probe x2  
  72  5:42  Gateway  
  74  5:45  Zealot x2  
  74  5:47  Protoss Ground Armor Level 1 (Chrono Boost), Phoenix  
  74  5:49  Gateway  
  80  5:53  Probe  
  81  5:57  Probe  
  81  6:00  Probe  
  81  6:02  Zealot  
  81  6:03  Pylon  
  85  6:04  Pylon  
  85  6:15  Assimilator  
  85  6:18  Templar Archives  
  85  6:19  Pylon  
  85  6:21  Phoenix, Probe  
  85  6:24  Gateway  
  88  6:26  Probe x2  
  88  6:31  Pylon  
  90  6:32  Zealot x2  
  90  6:33  Zealot x2  
  90  6:37  Gateway  
  90  6:39  Gateway  
  100  6:48  Zealot x4  
  100  6:50  Pylon  
  100  6:53  Zealot  
  108  6:54  Zealot  
  108  6:56  High Templar x2  
  114  7:08  Archon  
  114  7:10  Pylon  
  114  7:11  Zealot x2  
  114  7:12  Zealot x2  
  114  7:14  Zealot  
  124  7:23  Pylon  
  124  7:24  Pylon  
  122  7:36  Zealot x9  
  112  7:48  Zealot x2  
  106  8:02  Zealot x5  
  106  8:03  Zealot x4  
  102  8:22  Zealot x5  
  102  8:23  Zealot x5  
Show
View Real Time Build Order
Export as new Build Order

Spirit Terran 

Build Orders:  

Get SALT Encoding   

  12  0:00  SCV  
  13  0:12  SCV  
  14  0:17  Supply Depot  
  14  0:25  SCV  
  15  0:38  SCV  
  15  0:40  Barracks  
  16  0:44  Refinery  
  16  0:50  SCV  
  17  1:02  SCV  
  18  1:14  SCV  
  19  1:27  Marine, Orbital Command  
  20  1:45  Reaper  
  21  1:47  Command Center  
  21  1:54  Supply Depot  
  21  1:55  SCV  
  22  2:07  SCV  
  22  2:08  Factory  
  23  2:19  SCV  
  23  2:21  Bunker, Marine  
  25  2:29  Refinery  
  25  2:31  SCV  
  26  2:42  Barracks Reactor  
  26  2:43  SCV  
  27  2:53  Hellion  
  27  2:55  SCV  
  30  3:00  Starport  
  30  3:03  Orbital Command  
  29  3:07  SCV  
  29  3:18  Factory Tech Lab  
  29  3:19  SCV, Marine x2  
  31  3:31  SCV  
  31  3:32  SCV  
  33  3:40  Marine x2  
  33  3:41  Cyclone  
  37  3:43  SCV  
  37  3:44  SCV  
  39  3:55  SCV  
  39  3:56  SCV  
  39  3:58  Marine  
  39  3:59  Supply Depot  
  39  4:02  Viking  
  44  4:04  Marine  
  44  4:07  Supply Depot  
  44  4:08  SCV  
  46  4:20  SCV x2  
  46  4:23  Command Center  
  48  4:32  SCV x2  
  48  4:34  Viking  
  52  4:40  Stimpack, Marine  
  52  4:41  Factory Tech Lab  
  52  4:44  SCV x2  
  55  4:46  Barracks  
  55  4:48  Barracks  
  55  4:56  SCV x2  
  55  4:57  Engineering Bay  
  55  4:58  Marine  
  58  5:03  Engineering Bay  
  58  5:08  Starport Reactor  
  58  5:09  SCV x2  
  60  5:14  Supply Depot, Factory Reactor  
  60  5:19  Supply Depot, Marine  
  60  5:21  SCV  
  62  5:22  Terran Infantry Weapons Level 1  
  62  5:26  Refinery  
  62  5:27  SCV  
  62  5:29  Refinery  
  62  5:33  SCV  
  62  5:34  Terran Infantry Armor Level 1  
  62  5:35  Marine x2  
  62  5:37  Marine  
  62  5:39  SCV  
  62  5:41  Missile Turret  
  66  5:44  Combat Shield  
  66  5:45  SCV  
  66  5:47  Orbital Command  
  67  5:52  SCV  
  67  5:53  Widow Mine  
  67  5:54  Widow Mine, Marine x2  
  74  5:57  SCV  
  74  5:58  Marine  
  74  5:59  Marine  
  74  6:03  Medivac  
  74  6:04  SCV  
  78  6:06  Medivac  
  78  6:10  Supply Depot  
  78  6:11  Orbital Command  
  80  6:16  Marauder  
  82  6:22  Missile Turret, Barracks  
  82  6:24  Barracks  
  82  6:26  SCV  
  82  6:27  Supply Depot  
  82  6:29  SCV  
  84  6:33  Medivac  
  84  6:36  Medivac, SCV  
  84  6:38  SCV  
  84  6:39  Marauder, Marine  
  93  6:41  SCV  
  93  6:46  Marine  
  97  6:47  Marauder, Supply Depot  
  97  6:48  SCV  
  97  6:50  SCV  
  97  6:51  Widow Mine  
  97  6:52  Widow Mine  
  97  6:53  SCV  
  97  6:54  Concussive Shells  
  104  6:57  Armory  
  104  7:00  SCV  
  105  7:02  SCV  
  105  7:03  Supply Depot  
  105  7:05  Ghost Academy  
  106  7:09  Refinery  
  106  7:11  Refinery, Bunker  
  106  7:12  Barracks Reactor, Barracks Tech Lab  
  106  7:14  Marauder, Marine  
  109  7:21  SCV, Marine  
  111  7:23  SCV  
  111  7:24  Widow Mine, SCV  
  111  7:27  Marine  
  114  7:31  Marine  
  114  7:32  Marine  
  114  7:35  Marine  
  102  7:39  Marine  
  102  7:41  Medivac x2  
  95  7:45  Marine  
  95  7:47  SCV x3  
  95  7:49  Marine  
  95  7:50  Marine  
  95  7:51  Widow Mine x2  
  102  7:53  Marine  
  100  7:59  SCV x2, Marine  
  100  8:02  Marine x2  
  100  8:04  Marine  
  83  8:07  Reaper, Marine  
  83  8:11  SCV x2, Medivac, Marine  
  83  8:12  Widow Mine  
  82  8:16  Marine  
  82  8:19  Marine  
  77  8:20  Marine  
  77  8:22  Marine  
  77  8:25  Marine  
  77  8:26  Widow Mine  
  69  8:28  Marine  
  61  8:34  Marine  

Tags
 
Add a new tag
Caveats
  • Supply blocks, unpowered buildings, or Contaminate may cause inaccurate times.
  • Supply counts are checked every 10 seconds.